 Dungeon Crawl Stone Soup version 0.24-a0-275-g6f7e2cb (webtiles) character file.

Game seed: 15988701166986568716

115 Hylith the Magician (level 4, 0/36 HPs)
             Began as a Draconian Transmuter on Apr 28, 2019.
             Succumbed to a goblin's poison
             ... on level 2 of the Dungeon.
             The game lasted 00:04:53 (1477 turns).

Hylith the Magician (Draconian Transmuter)          Turns: 1477, Time: 00:04:53

Health: 0/36       AC:  7    Str: 12    XL:     4   Next: 68%
Magic:  4/9        EV: 12    Int: 14    God:
Gold:   91         SH:  0    Dex: 12    Spells: 3/9 levels left

rFire    . . .     SeeInvis .     - Unarmed
rCold    . . .     Gourm    .   (no shield)
rNeg     . . .     Faith    .   (armour unavailable)
rPois    .         Spirit   .   (helmet restricted)
rElec    .         Reflect  .   (no cloak)
rCorr    .         Harm     .   h - +1 pair of gloves
MR       .....                  (no boots)
Stlth    +.........             (no amulet)
HPRegen  0.12/turn              (no ring)
MPRegen  0.11/turn              (no ring)

@: lethally poisoned (0 -> -1), appendage (expiring), very slightly
contaminated, invisible
A: unfitting armour, horns 2, cold-blooded, AC +5
a: End Transformation


You were on level 2 of the Dungeon.
You were hungry.
You had grown temporary horns.
You visited 1 branch of the dungeon, and saw 2 of its levels.

You collected 91 gold pieces.

Inventory:

Missiles
 a - 11 arrows
Armour
 h - a +1 pair of gloves (worn)
Scrolls
 d - a scroll of identify
 f - a scroll of amnesia
Comestibles
 b - 11 chunks of flesh
 c - 5 rations


   Skills:
 - Level 2.0 Fighting
 - Level 2.0 Dodging
 - Level 3.0 Unarmed Combat
 + Level 3.4 Spellcasting
 + Level 3.3 Transmutations


You had 3 spell levels left.
You knew the following spells:

 Your Spells              Type           Power        Failure   Level  Hunger
a - Beastly Appendage     Tmut           ##....       5%          1    #......
b - Sticks to Snakes      Tmut           ##......     9%          2    ##.....
c - Spider Form           Tmut/Pois      #.........   30%         3    ###....

Your spell library contained the following spells:

 Spells                   Type           Power        Failure   Level  Hunger
 Ice Form                 Ice/Tmut       #.......     71%         4    #####..
 Blade Hands              Tmut           ##........   83%         5    ######.


Dungeon Overview and Level Annotations

Branches:
Dungeon (2/15)

Altars:


Innate Abilities, Weirdness & Mutations

Your plain brown scales are hard. (AC +5)
You cannot fit into any form of body armour.
You are cold-blooded and may be slowed by cold attacks.
You have a pair of horns on your head.


Message History

It was a potion of invisibility.
You fade into invisibility!
You feel sick. The goblin barely misses you.
You feel sick.
As you read the scroll labeled PUINOYMPEMA, it crumbles to dust.
It is a scroll of enchant armour.
Your +0 pair of gloves glows green for a moment.
The goblin hits you with a +0 club.
* * * LOW HITPOINT WARNING * * *
As you read the scroll labeled JAWNUT RUTOZ, it crumbles to dust.
It is a scroll of identify.
f - a scroll of amnesia Your transformation is almost over.
* * * LOW HITPOINT WARNING * * *
You feel sick. The goblin closely misses you.
As you read the scroll labeled COF YDEWYN, it crumbles to dust.
You assume a fearsome visage.
The goblin looks frightened!
The hobgoblin looks frightened!
The goblin looks frightened! x2
The rat looks frightened!
It was a scroll of fear.
You die...

g.#.......
..#.....####
..#........#
.)#.[..###$###########
..##r### #......g.g..#
..g..# ###.........#
.##### #.........# ##
#...r.....#
#..g.@.g..#
###########


You could see a hobgoblin (fleeing), 3 goblins and a rat (fleeing).

Vanquished Creatures
  Terence (D:2)
  Robin (D:2)
  2 adders (D:2)
  An ooze (D:1)
  A worm (D:2)
  2 dart slugs (D:1)
  2 ball pythons (D:1)
  11 goblins
  6 hobgoblins
  4 jackals (D:2)
  A quokka (D:2)
  2 bats (D:1)
  5 frilled lizards (D:1)
  4 kobolds (D:1)
  9 rats
52 creatures vanquished.

Notes
Turn   | Place    | Note
-------+----------+-------------------------------------------
     0 | D:1      | Hylith the Draconian Transmuter began the quest for the
                  | Orb.
     0 | D:1      | Reached XP level 1. HP: 16/16 MP: 3/3
   178 | D:1      | Reached XP level 2. HP: 19/24 MP: 5/5
   630 | D:1      | Reached XP level 3. HP: 29/29 MP: 4/6
   637 | D:1      | Learned a level 2 spell: Sticks to Snakes
   641 | D:1      | Learned a level 3 spell: Spider Form
   945 | D:2      | Noticed Robin
  1277 | D:2      | Noticed Terence
  1313 | D:2      | Killed Terence
  1313 | D:2      | Reached XP level 4. HP: 33/36 MP: 8/8
  1408 | D:2      | Killed Robin
  1428 | D:2      | Found a faded altar of an unknown god.
  1472 | D:2      | HP: 1/36 [goblin/+0 club[Robin] (4)]
  1477 | D:2      | Succumbed to a goblin's poison

Levels and vault maps discovered:
D:1:      lemuel_arrival_funnel, layout_loops_ring, minivault_24
D:2:      layout_rooms, chequers_ecumenical_altar_simple, uniq_terence,
          uniq_robin

Skill      XL: |  1  2  3 |
---------------+----------+-----
Dodging        | 2 |  2.0
Fighting       | 2 |  2.0
Transmutations | 3 |  3.3
Spellcasting   | 3 |  3.4
Unarmed Combat | |  3.0

Action                   |  1- 3 |  4- 6 || total
-------------------------+-------+-------++-------
Melee: Unarmed           |   160 |    57 ||   217
       Tailslap          |    19 |     2 ||    21
       Hand axe          |     4 |       ||     4
       Kick              |    13 |     2 ||    15
       Headbutt          |     4 |       ||     4
       Punch             |     1 |       ||     1
 Cast: Beastly Appendage |    16 |     3 ||    19
       Sticks to Snakes  |     1 |       ||     1
       Spider Form       |       |     2 ||     2
  Use: Scroll            |       |     3 ||     3
       Potion            |       |     1 ||     1
  Eat: Chunk             |     2 |       ||     2
Armor: Skin              |    47 |    21 ||    68
Dodge: Dodged            |    79 |    63 ||   142

Table legend:
 A = Non-vault XP
 B = Vault XP
 C = Vault XP percentage of total XP
 D = Non-vault monster count
 E = Vault monster count
 F = Vault count percentage of total count
                 A         B        C        D         E       F
            +---------+---------+-------+---------+---------+-------
      Total |     103 |      62 |  37.6 |      44 |       8 |  15.4
            +---------+---------+-------+---------+---------+-------
        D:1 |      54 |       1 |   1.8 |      31 |       1 |   3.1
        D:2 |      49 |      61 |  55.5 |      13 |       7 |  35.0
            +---------+---------+-------+---------+---------+-------
